 Dungeon Crawl Stone Soup version 0.27.1-35-g4d5d836560 (webtiles) character file.

Game seed: 13474644028915200568

9509 Delamore the Unseen (level 11, -12/72 HPs)
             Began as an Octopode Brigand on Mar 5, 2022.
             Was an Initiate of Gozag.
             Shot with an arrow by a centaur warrior (26 damage)
             ... on level 9 of the Dungeon.
             The game lasted 00:16:41 (8357 turns).

Delamore the Unseen (Octopode Brigand)              Turns: 8357, Time: 00:16:42

Health: -12/72     AC:  2    Str: 10    XL:     11   Next: 47%
Magic:  11/11      EV: 23    Int: 13    God:    Gozag
Gold:   1009       SH:  0    Dex: 18    Spells: 10/10 levels left

rFire    + . .     SeeInvis .   L - +6 short sword of the Pillar {drain, +Blink rPois}
rCold    . . .     Faith    .   (no shield)
rNeg     . . .     Spirit   .   j - +1 hat
rPois    +         Reflect  .   k - amulet of regeneration
rElec    .         Harm     .   g - +4 ring of evasion
rCorr    .         Rampage  .   o - +4 ring of slaying
Will     .....                  G - +4 ring of evasion
Stlth    +++++++...             Q - ring of flight
HPRegen  1.22/turn              M - ring of protection from fire
MPRegen  0.12/turn              (no ring)
                                (no ring)
                                (no ring)

@: flying
A: almost no armour, amphibious, 8 rings, camouflage 1, gelatinous body 1,
(nimble swimmer 1), tentacles
a: Renounce Religion, Evoke Blink, Potion Petition, Call Merchant, Bribe Branch


You were on level 9 of the Dungeon.
You worshipped Gozag.
Gozag was most pleased with you.
You visited 1 branch of the dungeon, and saw 9 of its levels.

You collected 1724 gold pieces.
You paid 715 gold pieces to Gozag.

Inventory:

Hand Weapons
 h - a +3 dagger
 r - a +1 dagger of venom
 z - a +4 short sword
 L - the +6 short sword of the Pillar (weapon) {drain, +Blink rPois}
   (You found it on level 7 of the Dungeon)

   A truly terrible weapon, it drains the life of any living foe it strikes.
   rPois:     It protects you from poison.
   +Blink:    It lets you blink.
Missiles
 b - 36 poisoned darts
 e - 3 javelins
 A - 6 boomerangs
 D - 7 datura-tipped darts
 I - 3 atropa-tipped darts (quivered)
 N - 4 silver boomerangs
 O - 2 curare-tipped darts
Armour
 j - a +1 hat (worn)
Jewellery
 g - a +4 ring of evasion (left tentacle)
 k - an amulet of regeneration (around mantle)
 o - a +4 ring of slaying (right tentacle)
 p - an amulet of reflection
 G - a +4 ring of evasion (on tentacle)
 M - a ring of protection from fire (on tentacle)
 Q - a ring of flight (on tentacle)
Wands
 m - a wand of iceblast (17)
 J - a wand of charming (6)
 K - a wand of flame (20)
 P - a wand of acid (14)
Scrolls
 a - 8 scrolls of magic mapping
 c - 2 scrolls of vulnerability {unknown}
 n - a scroll of enchant armour
 t - 2 scrolls of noise
 v - 5 scrolls of teleportation
 w - a scroll of silence
 y - 3 scrolls of fog
 E - a scroll of fear {unknown}
Potions
 d - 2 potions of heal wounds
 f - 3 potions of curing
 i - a potion of magic {unknown}
 l - 2 potions of attraction {unknown}
 q - a potion of resistance {unknown}
 s - 2 potions of might {unknown}
 u - 2 potions of degeneration {unknown}
 x - 2 potions of brilliance {unknown}
 B - 2 potions of mutation {unknown}
 C - 2 potions of flight {unknown}
 F - a potion of lignification {unknown}
 H - 3 potions of invisibility {unknown}


   Skills:
 + Level 5.9 Fighting
 + Level 10.4 Short Blades
 + Level 3.6 Throwing
 - Level 5.0 Dodging
 + Level 15.4 Stealth
 - Level 5.0 Evocations


You had 10 spell levels left.
You didn't know any spells.
Your spell library contained the following spells:

 Spells                   Type           Power      Damage    Failure   Level
 Foxfire                  Conj/Fire      0%         2x1d4     30%         1
 Freeze                   Ice            0%         1d3       30%         1
 Magic Dart               Conj           0%         1d3       30%         1
 Summon Small Mammal      Summ           0%         N/A       30%         1
 Call Imp                 Summ           0%         N/A       43%         2
 Ensorcelled Hibernation  Hex/Ice        0%         N/A       43%         2
 Slow                     Hex            0%         N/A       43%         2
 Call Canine Familiar     Summ           0%         N/A       67%         3
 Confusing Touch          Hex            0%         N/A       67%         3
 Conjure Flame            Conj/Fire      0%         6-21      67%         3
 Frozen Ramparts          Ice            0%         1d2       67%         3
 Gell's Gravitas          Tloc           0%         N/A       67%         3
 Inner Flame              Hex/Fire       0%         N/A       67%         3
 Mephitic Cloud           Conj/Pois/Air  0%         N/A       67%         3
 Spider Form              Tmut/Pois      0%         N/A       67%         3
 Summon Guardian Golem    Hex/Summ       0%         N/A       67%         3
 Vampiric Draining        Necr           0%         2d6       67%         3
 Fulminant Prism          Conj/Hex       0%         3d6       97%         4
 Hailstorm                Conj/Ice       0%         3d3       97%         4
 Yara's Violent Unravell  Hex/Tmut       0%         3d3       100%        5
 Shadow Creatures         Summ           N/A        N/A       100%        6


Dungeon Overview and Level Annotations

Branches:
Dungeon (9/15)             Temple (0/1) D:5
   Lair: D:8-11         Orc: D:9-12

Altars:
Elyvilon
Gozag
Nemelex Xobeh
Trog
Vehumet
Xom
Yredelemnul
Zin

Shops:
D:7 =


Innate Abilities, Weirdness & Mutations

You cannot wear most types of armour.
You are amphibious.
You can wear up to eight rings at the same time.
Your skin changes colour to match your surroundings (Stealth+).
Your rubbery body absorbs attacks. (AC +1, EV +1)
((You are camouflaged near water. (Stealth+)))
You have tentacles for arms and can constrict up to eight enemies at once.


Message History

The helpless vampire fails to defend itself.
You stick the vampire like a pincushion!!!!
You destroy the vampire!
The helpless water moccasin fails to defend itself.
You spit the water moccasin like a pig!!!!
You kill the water moccasin!
No target in view!
No target in view!
No target in view!
No target in view!
No target in view!
No target in view!
No target in view!
You reach down and open the door.
Found 15 gold pieces.
Found a chain mail.
There is an open door here.
There is a stone staircase leading up here.
A raiju comes into view.
A raiju is nearby!
An acid dragon comes into view.
A centaur warrior comes into view.
The centaur warrior shouts!
The centaur warrior wields a +0 shortbow.
The centaur warrior shoots an arrow.
The arrow completely misses you.
The raiju changes into a yaktaur!
The yaktaur changes into a guardian serpent!
The centaur warrior shoots an arrow.
The arrow closely misses you.
The centaur warrior shoots an arrow.
The arrow hits you!!
The centaur warrior shoots an arrow.
The arrow barely misses you.
The centaur warrior shoots an arrow.
The arrow hits you!!
The centaur warrior shoots an arrow.
The arrow hits you!!
* * * LOW HITPOINT WARNING * * *
You can't see any enemies this would affect, really read the scroll of silence?
Okay, then.
As you read the scroll of fog, it crumbles to dust.
The scroll dissolves into smoke.
The centaur warrior shoots an arrow.
The arrow hits you!!
You die...
Your body crumbles into a pile of gold.

#....#.#########
##....c.....#
##..........#
#..........##..
#......$...##..
#..............
#..$§..........
##§§§§§........
##§§@§.........
#.§§§##....###.
##§..##'######
#.#####......#
#............#
##.........[.#
#....##....$##
#....########
#.....#


You could see a centaur warrior.

Vanquished Creatures
  A hydra (D:7)
  Erica (D:8)
  A two-headed ogre (D:7)
  A komodo dragon (D:7)
  4 trolls (D:7)
  A hornet (D:7)
  The ghost of Atelerd the Sneak, an amateur OpEE (D:6)
  A vampire (D:9)
  A wraith (D:7)
  A wyvern (D:8)
  Grum (D:8)
  4 steam dragons
  The ghost of Tinylith the Chiller, an amateur MfIE (D:4)
  A vampire mosquito (D:7)
  5 water moccasins
  2 sky beasts (D:7)
  4 ice beasts
  3 orc warriors
  2 black bears (D:4)
  5 ogres
  2 wolves (D:8)
  5 necrophages
  A centaur (D:7)
  3 kobold brigands
  2 phantoms
  4 bullfrogs
  A scorpion (D:7)
  A water moccasin zombie (D:4)
  4 wyvern skeletons
  A wight (D:6)
  A howler monkey (D:7)
  2 bullfrog zombies
  A centaur zombie (D:6)
  2 hounds
  2 jellies (D:6)
  2 bullfrog skeletons
  An orc priest (D:4)
  3 centaur skeletons
  An iguana (D:7)
  2 orc wizards
  4 killer bee zombies
  A centaur simulacrum (D:6)
  A hound zombie (D:5)
  2 hound skeletons (D:4)
  2 howler monkey skeletons
  A howler monkey zombie (D:7)
  14 adders
  3 gnolls (D:3)
  A white imp (D:7)
  An adder skeleton (D:4)
  An adder zombie (D:5)
  A worm (D:2)
  4 dart slugs
  18 orcs
  15 ball pythons
  5 endoplasms
  5 giant cockroaches
  3 goblins
  5 hobgoblins
  4 jackals (D:4)
  2 quokkas
  6 bats
  2 frilled lizards
  17 kobolds
  6 rats
206 creatures vanquished.

Vanquished Creatures (others)
  A two-headed ogre (D:8)
  A gargoyle (D:8)
  An orc warrior (D:8)
  A kobold brigand (D:8)
  A centaur zombie (D:8)
  An orc wizard (D:8)
  A gnoll (D:8)
7 creatures vanquished.

Grand Total: 213 creatures vanquished

Notes
Turn   | Place    | Note
-------+----------+-------------------------------------------
     0 | D:1      | Delamore the Octopode Brigand began the quest for the Orb.
     0 | D:1      | Reached XP level 1. HP: 14/14 MP: 1/1
   289 | D:1      | Reached XP level 2. HP: 19/19 MP: 2/2
   350 | D:1      | Reached skill level 6 in Stealth
   968 | D:1      | Found a faded altar of an unknown god.
   993 | D:1      | Reached XP level 3. HP: 24/24 MP: 3/3
  1548 | D:2      | Reached skill level 7 in Stealth
  1548 | D:2      | Reached XP level 4. HP: 29/29 MP: 4/4
  1937 | D:3      | Found a sparkling altar of Nemelex Xobeh.
  2037 | D:3      | Found an opulent altar of Gozag.
  2058 | D:3      | Reached XP level 5. HP: 20/34 MP: 5/5
  2086 | D:3      | Became a worshipper of Gozag Ym Sagoz the Greedy
  2365 | D:3      | Found a glowing silver altar of Zin.
  2366 | D:3      | Noticed an angel
  2596 | D:4      | Noticed a black bear
  2606 | D:4      | Killed a black bear
  2607 | D:4      | Reached skill level 8 in Stealth
  2616 | D:4      | Found a bloodstained altar of Trog.
  2620 | D:4      | Noticed a black bear
  2627 | D:4      | Killed a black bear
  2628 | D:4      | Reached skill level 9 in Stealth
  2628 | D:4      | Reached XP level 6. HP: 39/39 MP: 6/6
  2707 | D:4      | Found a radiant altar of Vehumet.
  2814 | D:4      | Reached XP level 7. HP: 25/45 MP: 7/7
  2932 | D:4      | Reached skill level 10 in Stealth
  2939 | D:4      | Reached skill level 5 in Short Blades
  3047 | D:4      | Found a runed translucent gate.
  3048 | D:4      | Found a runed translucent gate.
  3048 | D:4      | Found a runed translucent gate.
  3050 | D:4      | Noticed Tinylith's ghost (amateur MfIE)
  3423 | D:5      | Entered Level 5 of the Dungeon
  3997 | D:5      | Found a staircase to the Ecumenical Temple.
  4101 | D:6      | Found a transporter.
  4101 | D:6      | Noticed Atelerd's ghost (amateur OpEE)
  4113 | D:6      | Found a transporter.
  4136 | D:6      | Reached XP level 8. HP: 50/50 MP: 8/8
  5094 | D:7      | Noticed a troll
  5097 | D:7      | Killed a troll
  5098 | D:7      | Reached skill level 10 in Short Blades
  5098 | D:7      | Reached XP level 9. HP: 54/54 MP: 9/9
  5122 | D:7      | Reached skill level 1 in Evocations
  5361 | D:7      | Found a basalt altar of Yredelemnul.
  5515 | D:7      | Noticed a troll
  5523 | D:7      | Killed a troll
  5568 | D:7      | Reached skill level 11 in Stealth
  5695 | D:7      | Noticed a hornet
  5704 | D:7      | Reached XP level 10. HP: 63/64 MP: 10/10
  5884 | D:7      | Noticed a four-headed hydra
  5885 | D:7      | Noticed a two-headed ogre
  6343 | D:8      | Killed a two-headed ogre
  6376 | D:8      | Found a shimmering altar of Xom.
  6457 | D:8      | Noticed Grum
  6470 | D:8      | Killed Grum
  6471 | D:8      | Reached skill level 5 in Fighting
  6472 | D:8      | Reached skill level 5 in Evocations
  6484 | D:8      | Noticed a gargoyle
  6525 | D:8      | Reached skill level 12 in Stealth
  6531 | D:8      | Reached skill level 5 in Dodging
  6656 | D:4      | Killed Tinylith's ghost
  6793 | D:6      | Killed Atelerd's ghost
  6794 | D:6      | Reached skill level 13 in Stealth
  6946 | D:7      | Noticed a two-headed ogre
  6995 | D:7      | Reached skill level 14 in Stealth
  7148 | D:7      | Identified the +6 short sword of the Pillar {drain, +Blink
                  | rPois}
  7154 | D:7      | Got the Handbook of the Traveller and Curses
  7198 | D:7      | Killed a four-headed hydra
  7199 | D:7      | Reached skill level 15 in Stealth
  7199 | D:7      | Reached XP level 11. HP: 27/71 MP: 11/11
  7273 | D:7      | Killed a two-headed ogre
  7375 | D:8      | Noticed Erica
  7396 | D:8      | Killed Erica
  7487 | D:8      | Found a white marble altar of Elyvilon.
  8344 | D:9      | Noticed a centaur warrior
  8357 | D:9      | Shot with an arrow by a centaur warrior

Illustrated notes

Levels and vault maps discovered:
D:1:      lemuel_arrival_broad_hall, layout_basic,
          shapermc_ecumenical_altar_mp_urbaneastern, minmay_pentomino_q4
D:2:      layout_loops_ring, minmay_fractal_squares_gapless_5
D:3:      layout_loops_cross, zin_angel, lemuel_doored_altar,
          nicolae_gozag_seed_capital
D:4:      layout_gridville, nicolae_vehumet_radiance, trog_ov_bears_minmay,
          gammafunk_ghost_necromancy, minmay_diced_spiral
D:5:      layout_loops_ring, minmay_temple_entry_fiery
D:6:      layout_basic, gammafunk_ghost_mausoleum, minmay_fractal_squares_5
D:7:      minmay_the_grid_octo_tiled_octocenter
          [minmay_the_grid_octo_fan_narrow,
          minmay_the_grid_octo_tetromino_candy,
          minmay_the_grid_octo_fat_diamond, minmay_the_grid_octo_clover_2,
          minmay_the_grid_octo_prize_big_c,
          minmay_the_grid_square_5x5_two_walls_b,
          minmay_the_grid_square_5x5_eight_small, minmay_the_grid_square_5x5_z,
          minmay_the_grid_square_5x5_six_small], layout_cave_pools,
          mainiacjoe_overflow_cross_hatched
D:8:      layout_loops_ring, xom_confusion_cloud, elyvilon_altar_5, uniq_erica,
          uniq_grum
D:9:      minmay_tri_box, layout_gridville, tgw_kikubaaqudgha,
          nicolae_ru_great_annihilating_truth, lair_entry_dummy

Skill      XL: |  1  2  3  4  5  6  7  8  9 10 11 |
---------------+----------------------------------+-----
Stealth        | 6 7 9 10 11 15 | 15.4
Short Blades   | 3 4 6 10 | 10.4
Evocations     | 4 5 |  5.0
Dodging        | 3 5 |  5.0
Fighting       | 4 5 |  5.9
Throwing       | 3 |  3.6

Action                   |  1- 3 |  4- 6 |  7- 9 | 10-12 || total
-------------------------+-------+-------+-------+-------++-------
Melee: Dagger            |    57 |    80 |   219 |   162 ||   518
       Constrict         |     9 |    19 |    32 |    27 ||    87
       Tentacles         |     5 |    12 |    50 |    55 ||   122
       Short sword       |       |       |       |    56 ||    56
Throw: Dart              |       |     6 |     3 |     8 ||    17
       Javelin           |       |       |       |     3 ||     3
Invok: Call Merchant     |       |       |       |     1 ||     1
Evoke: Wand              |       |       |       |     6 ||     6
  Use: Scroll            |       |     1 |     5 |     1 ||     7
       Potion            |       |       |       |     2 ||     2
 Stab: Sleeping          |    20 |    17 |    21 |     7 ||    65
       Distracted        |       |     3 |     3 |     1 ||     7
       Confused          |       |       |       |     1 ||     1
Armor: Skin              |     3 |     4 |    12 |     8 ||    27
Dodge: Dodged            |    28 |    40 |   120 |   121 ||   309
